 Dungeon Crawl Stone Soup version 0.19.4-9-g45fd643 (webtiles) character file.

2480 failure1 the Cleaver (level 9, 0/81 HPs)
             Began as a Minotaur Abyssal Knight on Feb 18, 2017.
             Was an Elder of Lugonu.
             Slain by a killer bee (3 damage)
             ... on level 8 of the Dungeon.
             The game lasted 00:42:38 (8846 turns).

failure1 the Cleaver (Minotaur Abyssal Knight)      Turns: 8846, Time: 00:42:38

Health: 0/81       AC: 18    Str: 19    XL:     9   Next: 27%
Magic:  9/9        EV:  7    Int:  9    God:    Lugonu [****..]
Gold:   368        SH:  0    Dex: 11    Spells: 1 memorised, 7 levels left

rFire  . . .     SeeInvis .     X - +0 battleaxe
rCold  . . .     Gourm    .     t - +0 plate armour
rNeg   . . .     Faith    .     (shield currently unavailable)
rPois  .         Spirit   .     s - +2 hat
rElec  .         Reflect  .     B - +1 cloak
rCorr  .         Harm     .     (no gloves)
MR     +....                    (no boots)
Stlth  ..........               (no amulet)
                                L - ring of wizardry (curse)
                                G - ring of protection from magic

@: lethally poisoned (0 -> -19)
A: retaliatory headbutt, horns 2
a: Depart the Abyss, Bend Space, Banish, Corrupt, Renounce Religion


You were on level 8 of the Dungeon.
You worshipped Lugonu.
Lugonu was greatly pleased with you.
You were not hungry.

You visited 2 branches of the dungeon, and saw 9 of its levels.
You visited the Abyss 1 time.

You collected 368 gold pieces.

Inventory:

Hand Weapons
 a - a +1 hand axe
 d - a +2 vampiric dagger
 u - a +3 short sword
 y - a cursed +3 long sword of freezing
 E - a +0 club of chaos
 K - a +0 shortbow
 N - a +0 war axe
 T - a +0 rapier
 V - a cursed +0 long sword
 W - a +2 flail of holy wrath
 X - a +0 battleaxe (weapon)
Armour
 s - a +2 hat (worn)
 t - a +0 plate armour (worn)
 B - a +1 cloak (worn)
Magical Staves
 R - an uncursed staff of cold {unknown}
Jewellery
 k - an uncursed ring of flight
 C - an uncursed ring of ice
 D - an uncursed ring of flight
 G - a ring of protection from magic (left hand)
 H - an uncursed ring of positive energy
 L - a cursed ring of wizardry (right hand)
 U - an uncursed ring of ice
Wands
 n - a wand of flame (23/48)
 r - a wand of lightning (9/15)
 x - a wand of digging (8/24)
 F - a wand of lightning (8/15)
 I - a wand of iceblast (11/15)
 J - a wand of disintegration (15/24)
Scrolls
 b - a scroll of immolation {unknown}
 e - 5 scrolls of magic mapping {unknown}
 f - 4 scrolls of remove curse {unknown}
 g - a scroll of amnesia {unknown}
 i - a scroll of fog {unknown}
 l - 8 scrolls of identify {unknown}
 m - a scroll of recharging {unknown}
 w - 4 scrolls of teleportation {unknown}
 M - a scroll of blinking {unknown}
 P - 2 scrolls of enchant weapon {unknown}
Potions
 v - a potion of cure mutation {unknown}
 A - a potion of flight {unknown}
 S - 2 potions of might {unknown}
Books
 Q - a book of Changes

   Spells                             Type                      Level
   a - Beastly Appendage              Transmutation                1
   b - Sticks to Snakes               Transmutation                2
   c - Spider Form                    Transmutation/Poison         3
   d - Ice Form                       Ice/Transmutation            4
   e - Blade Hands                    Transmutation                5
Comestibles
 c - a bread ration
 h - 6 meat rations
 j - 3 beef jerkies
 p - 3 royal jellies


   Skills:
 + Level 7.8 Fighting
 + Level 10.3 Axes
 + Level 8.6 Armour
 + Level 2.2 Dodging
 + Level 0.6 Stealth
 + Level 2.0 Invocations


You had 7 spell levels left.
You knew the following spells:

 Your Spells              Type           Power        Failure   Level  Hunger
a - Beastly Appendage     Tmut           #.....       100%        1    ##.....


Dungeon Overview and Level Annotations

Branches:
Dungeon (8/15)             Temple (1/1) D:6
   Lair: D:8-11

Altars:
Ashenzari
Cheibriados
Dithmenos
Elyvilon
Fedhas
Gozag
Hepliaklqana
Kikubaaqudgha
Makhleb
Nemelex Xobeh
Okawaru
Qazlal
Ru
Sif Muna
Trog
Uskayaw
Vehumet
Xom
Yredelemnul
Zin
The Shining One

Shops:
D:4 [


Innate Abilities, Weirdness & Mutations

You reflexively headbutt those who attack you in melee.
You have a pair of horns on your head.


Message History

You feel very sick.
The killer bee stings you but does no damage.
The killer bee closely misses you.
The killer bee stings you but does no damage.
The killer bee closely misses you.
The killer bee stings you but does no damage. x2
The killer bee closely misses you. You furiously retaliate!
You headbutt the killer bee. You closely miss the killer bee.
The killer bee is almost dead.
You miss the killer bee. x2
* * * LOW HITPOINT WARNING * * *
You feel very sick. The killer bee barely misses you.
The killer bee stings you but does no damage.
The killer bee stings you!
* * * LOW HITPOINT WARNING * * *
The killer bee stings you but does no damage.
The killer bee stings you.
You die...

###........
..............<
...............
..............
.............
##+####...........
#.....#...........
#.....'..y†.......
#.....#...@.......
#...y##..yy....###
#....######....#
#...y.....+....#
#.........#....#
#....##...#....#
#....######....#
#....#....#....#
#....##...+....+


You could see 3 killer bees.

Vanquished Creatures
  Duvessa (D:7)
  2 ice beasts (D:7)
  2 black bears
  A sky beast (D:4)
  2 centaurs
  A crocodile (D:7)
  A bullfrog (D:7)
  A wyvern zombie (D:7)
  Dowan (D:7)
  2 scorpions
  2 killer bees (D:8)
  9 wights
  3 howler monkeys
  3 crimson imps (D:6)
  3 orc priests
  An orc wizard (D:5)
  2 bullfrog skeletons
  A centaur skeleton (D:4)
  An iguana (D:5)
  10 worker ants
  A hound skeleton (D:5)
  2 gnolls (D:4)
  10 adders
  4 shadow imps
  3 worms
  A dart slug (D:1)
  6 leopard geckos
  17 orcs
  4 bats (D:1)
  8 giant cockroaches
  5 hobgoblins
  16 jackals
  6 quokkas
  8 frilled lizards
  5 goblins
  10 kobolds
  A leopard gecko skeleton (D:4)
  A quokka skeleton (D:5)
  8 rats
  A butterfly (D:5)
166 creatures vanquished.

Vanquished Creatures (others)
  A kobold (D:1)
1 creature vanquished.

Grand Total: 167 creatures vanquished

Notes
Turn   | Place    | Note
-------+----------+-------------------------------------------
     0 | Abyss:1  | failure1 the Minotaur Abyssal Knight began the quest for the Orb.
     0 | Abyss:1  | Reached XP level 1. HP: 19/19 MP: 1/1
   176 | D:1      | Escaped the Abyss
   200 | D:1      | Reached * piety under Lugonu
   287 | D:1      | Reached XP level 2. HP: 27/27 MP: 2/2
   883 | D:1      | Reached skill level 3 in Axes
  1018 | D:1      | Reached XP level 3. HP: 32/33 MP: 3/3
  1565 | D:2      | Reached ** piety under Lugonu
  2055 | D:2      | Reached XP level 4. HP: 29/41 MP: 4/4
  2178 | D:2      | Found a faded altar of an unknown god.
  2751 | D:3      | Reached skill level 4 in Axes
  3056 | D:4      | Found Vepov's Armour Boutique.
  3073 | D:4      | Reached XP level 5. HP: 42/47 MP: 5/5
  3164 | D:4      | Reached skill level 5 in Fighting
  3510 | D:4      | Reached skill level 5 in Axes
  3765 | D:4      | Reached XP level 6. HP: 18/56 MP: 6/6
  4007 | D:4      | Reached skill level 5 in Armour
  4213 | D:4      | Reached skill level 6 in Axes
  4329 | D:4      | Reached XP level 7. HP: 59/61 MP: 7/7
  4961 | D:4      | Found a shimmering altar of Xom.
  5201 | D:5      | Entered Level 5 of the Dungeon
  5209 | D:5      | Reached *** piety under Lugonu
  5777 | D:5      | Reached skill level 7 in Axes
  6226 | D:5      | Found a runed door.
  6230 | D:5      | Found a runed door.
  6239 | D:5      | Reached XP level 8. HP: 69/70 MP: 8/8
  6610 | D:5      | Reached skill level 8 in Axes
  7103 | D:6      | Found a staircase to the Ecumenical Temple.
  7173 | Temple   | Entered the Ecumenical Temple
  7432 | D:6      | Learned a level 1 spell: Beastly Appendage
  7853 | D:7      | Reached skill level 9 in Axes
  7883 | D:7      | Reached **** piety under Lugonu
  8113 | D:7      | Reached XP level 9. HP: 63/79 MP: 9/9
  8480 | D:7      | Reached skill level 10 in Axes
  8613 | D:7      | Noticed Duvessa
  8615 | D:7      | Noticed Dowan
  8621 | D:7      | Killed Duvessa
  8628 | D:7      | Killed Dowan
  8846 | D:8      | HP: 3/81 [killer bee (7)]
  8846 | D:8      | Slain by a killer bee

Skill      XL: |  1  2  3  4  5  6  7  8  9 |
---------------+----------------------------+-----
Fighting       | 4 5 6 7 |  7.8
Axes           | 3 4 5 6 7 9 10 | 10.3
Armour         | 3 4 5 7 8 |  8.6
Invocations    | 2 |  2.0
Dodging        | 2 |  2.2
Stealth        | |  0.6

Action                   |  1- 3 |  4- 6 |  7- 9 || total
-------------------------+-------+-------+-------++-------
Melee: Hand axe          |   136 |   154 |   168 ||   458
       Headbutt          |    13 |    33 |    59 ||   105
       War axe           |       |       |    90 ||    90
       Battleaxe         |       |       |    84 ||    84
Invok: Depart the Abyss  |     1 |       |       ||     1
       Bend Space        |       |     1 |     1 ||     2
  Use: Potion            |       |     1 |     6 ||     7
  Eat: Chunk             |     4 |     4 |     4 ||    12
       Bread ration      |       |     1 |     3 ||     4
Armor: Leather armour    |    19 |       |       ||    19
       Ring mail         |    40 |     5 |       ||    45
       Plate armour      |       |    82 |   312 ||   394
Dodge: Dodged            |   101 |    41 |   134 ||   276
